[Event "Djerba Festival Blitz 2025"]
[Site "Djerba"]
[Date "2025.02.21"]
[Round "7.31"]
[White "Ben Mbarek, Mohamed"]
[Black "Sazlik, Mucahit"]
[Result "0-1"]
[ECO "D02"]
[WhiteElo "1570"]
[BlackElo "1672"]
[PlyCount "47"]
[EventDate "2025.02.15"]
[EventType "swiss"]
[EventCountry "TUN"]
[TimeControl "180+3"]

1. Nf3 d5 2. d4 Nf6 3. g3 Bf5 4. Bg2 e6 5. O-O h6 6. Nc3 c6 7. Re1 Bb4 8. Bd2 O-O 9. Nh4 Bh7 10. e4 Bxc3 11. Bxc3 Nxe4 12. Bb4 Re8 13. Rc1 Na6 14. Ba3 Nc7 15. c4 Qf6 16. Bxe4 Bxe4 17. cxd5 exd5 18. b3 Ne6 19. Bb2 Ng5 20. Rxe4 Nxe4 21. Nf3 Re6 22. Rc2 Rae8 23. Bc1 Ng5 24. Ne5 0-1

[Event "Djerba Festival Blitz 2025"]
[Site "Djerba"]
[Date "2025.02.21"]
[Round "7.32"]
[White "Ferahi, Tarik"]
[Black "Baduel Ghalimi, Maxence"]
[Result "1-0"]
[ECO "B54"]
[WhiteElo "1612"]
[BlackElo "1506"]
[PlyCount "72"]
[EventDate "2025.02.15"]
[EventType "swiss"]
[EventCountry "TUN"]
[TimeControl "180+3"]

1. e4 c5 2. Nf3 Nc6 3. Bb5 d6 4. d4 cxd4 5. Nxd4 Bd7 6. Nxc6 Bxc6 7. Bxc6+ bxc6 8. Qf3 g6 9. e5 Qa5+ 10. Bd2 Qxe5+ 11. Be3 Qa5+ 12. Nc3 Qc7 13. Nb5 Qa5+ 14. Nc3 Qc7 15. O-O Bg7 16. Rfe1 Nf6 17. Bg5 O-O 18. Rad1 Nd7 19. Bxe7 Rfe8 20. Bh4 Bxc3 21. bxc3 Ne5 22. Qf6 d5 23. Bg3 Ng4 24. Qh4 Qd7 25. h3 Ne5 26. Bxe5 Re6 27. Bd4 Rae8 28. Rxe6 Rxe6 29. Qh6 f6 30. Rd3 Re1+ 31. Kh2 Qd6+ 32. g3 Re2 33. Kg2 c5 34. Be3 Rxc2 35. Qf4 Qxf4 36. Bxf4 Rxa2 1-0

[Event "Djerba Festival Blitz 2025"]
[Site "Djerba"]
[Date "2025.02.21"]
[Round "7.33"]
[White "Gunduz, Davud"]
[Black "Zerarga, Imene"]
[Result "1-0"]
[ECO "B92"]
[WhiteElo "1483"]
[BlackElo "1831"]
[PlyCount "113"]
[EventDate "2025.02.15"]
[EventType "swiss"]
[EventCountry "TUN"]
[TimeControl "180+3"]

1. e4 c5 2. Nf3 d6 3. d4 cxd4 4. Nxd4 Nf6 5. Nc3 a6 6. Be3 e5 7. Nb3 Be6 8. Be2 Be7 9. O-O O-O 10. h3 d5 11. exd5 Nxd5 12. Nxd5 Qxd5 13. Qxd5 Bxd5 14. Rad1 Bc6 15. Bc5 Bxc5 16. Nxc5 b6 17. Nd3 Nd7 18. Rfe1 f5 19. Nb4 Nb8 20. Nxc6 Nxc6 21. Bc4+ Kh8 22. Bd5 Rac8 23. c3 e4 24. Bxc6 Rxc6 25. Rd7 b5 26. Red1 Kg8 27. Ra7 Rcf6 28. Rdd7 R8f7 29. Rxf7 Rxf7 30. Rxa6 Rd7 31. Rb6 Rd1+ 32. Kh2 Rd2 33. Kg3 Rxb2 34. a4 Rb3 35. axb5 Rxc3+ 36. Kf4 g6 37. Rc6 Rb3 38. b6 Rb2 39. f3 exf3 40. gxf3 Kf8 41. h4 Ke8 42. Kg5 Rb3 43. f4 Rb4 44. Rc8+ Kd7 45. Rh8 Rxb6 46. Rxh7+ Ke8 47. Rh6 Kf7 48. h5 Rb2 49. hxg6+ Kg8 50. Kxf5 Rb5+ 51. Kg4 Rb6 52. f5 Rb5 53. Rh7 Rb4+ 54. Kg5 Rb6 55. f6 Rb5+ 56. Kh6 Rb1 57. f7+ {[%emt 0:00:05] Kh8 Rxh8} 1-0

[Event "Djerba Festival Blitz 2025"]
[Site "Djerba"]
[Date "2025.02.21"]
[Round "7.37"]
[White "Chaudesaygues, Hugo"]
[Black "Saidi, Bouziane"]
[Result "0-1"]
[ECO "C50"]
[WhiteElo "1624"]
[BlackElo "1710"]
[PlyCount "92"]
[EventDate "2025.02.15"]
[EventType "swiss"]
[EventCountry "TUN"]
[TimeControl "180+3"]

1. e4 e5 2. Nf3 Nc6 3. d4 exd4 4. Bc4 d6 5. Nxd4 Nxd4 6. Qxd4 Nf6 7. O-O h6 8. Nc3 Be7 9. Re1 O-O 10. a3 a6 11. h3 Be6 12. Bxe6 fxe6 13. Be3 e5 14. Qc4+ Kh8 15. Nd5 Nxd5 16. Qxd5 c6 17. Qd3 d5 18. exd5 cxd5 19. Qb3 d4 20. Rad1 Qc7 21. Bc1 Rac8 22. Re2 Bc5 23. Qd5 Rfe8 24. b4 Bd6 25. Rd3 Qc6 26. Qxc6 Rxc6 27. Red2 Be7 28. c3 dxc3 29. Rc2 Rec8 30. Be3 Bf6 31. f3 b5 32. Rd7 R8c7 33. Rxc7 Rxc7 34. Kf2 Kg8 35. f4 exf4 36. Bxf4 Rc6 37. Ke3 Kf7 38. g4 g5 39. Bg3 Ke6 40. Kd3 Kd5 41. Bf2 Re6 42. Bg1 Re1 43. Bf2 Rh1 44. Rxc3 Bxc3 45. Kxc3 Rxh3+ 46. Kb2 Rh2 0-1

[Event "Djerba Festival Blitz 2025"]
[Site "Djerba"]
[Date "2025.02.21"]
[Round "7.38"]
[White "Badrakova, Kseniya"]
[Black "Raymond, Andre"]
[Result "1-0"]
[ECO "C24"]
[WhiteElo "1757"]
[BlackElo "1610"]
[PlyCount "52"]
[EventDate "2025.02.15"]
[EventType "swiss"]
[EventCountry "TUN"]
[TimeControl "180+3"]

1. e4 e5 2. Bc4 Nf6 3. d4 Nc6 4. d5 Ne7 5. Nf3 d6 6. Nc3 Bg4 7. h3 Bh5 8. Bg5 Nd7 9. Qe2 f6 10. Be3 Bg6 11. Bd3 f5 12. exf5 Nxf5 13. Bg5 Be7 14. Bxe7 Qxe7 15. g4 Nh6 16. Bxg6+ hxg6 17. Qe4 O-O-O 18. Qxg6 Rdf8 19. Qe4 Rf4 20. Qe3 Rhf8 21. Nd2 Qh4 22. O-O-O Rxf2 23. Qxa7 Nb8 24. Qe3 Qf6 25. Nce4 Qf4 26. Qb3 Rf3 1-0

[Event "Djerba Festival Blitz 2025"]
[Site "Djerba"]
[Date "2025.02.21"]
[Round "7.40"]
[White "Charfeddine, Khaled"]
[Black "Doucet, Jean Gabriel"]
[Result "1/2-1/2"]
[ECO "E61"]
[WhiteElo "1908"]
[BlackElo "1506"]
[PlyCount "184"]
[EventDate "2025.02.15"]
[EventType "swiss"]
[EventCountry "TUN"]
[TimeControl "180+3"]

1. d4 Nf6 2. c4 g6 3. Nc3 Bg7 4. Bf4 d6 5. Qd2 O-O 6. Bh6 c5 7. Bxg7 Kxg7 8. e3 cxd4 9. exd4 e5 10. d5 Nbd7 11. Be2 Nb6 12. Nf3 e4 13. Nd4 Bd7 14. O-O Ne8 15. Nxe4 f5 16. Nc3 Rc8 17. b3 a5 18. Rae1 a4 19. h3 axb3 20. axb3 Qf6 21. Ncb5 Kg8 22. Bf3 Nc7 23. Nxc7 Rxc7 24. Nb5 Bxb5 25. cxb5 Rc5 26. Qb4 Nxd5 27. Qd2 Nc7 28. Bxb7 Rxb5 29. Bc6 Rxb3 30. Bd5+ Nxd5 31. Qxd5+ Qf7 32. Qxd6 Rb7 33. Rd1 Re8 34. Rfe1 Rbb8 35. Rxe8+ Rxe8 36. Rc1 Qe7 37. Qd5+ Qe6 38. Qc5 Qe7 39. Qc4+ Qe6 40. Qc3 Qe5 41. Qc2 Qe4 42. Qb2 Qe5 43. Qb7 Qe7 44. Qf3 Qe4 45. Qa3 Qe7 46. Qxe7 Rxe7 47. Kh2 Kf7 48. Kg3 Kf6 49. Rc6+ Kg5 50. h4+ Kh5 51. Rc4 h6 52. Kh3 Re2 53. f3 g5 54. g4+ fxg4+ 55. fxg4+ Kg6 56. Rc6+ Kg7 57. h5 Re3+ 58. Kg2 Re2+ 59. Kf3 Re1 60. Rg6+ Kh7 61. Rb6 Rf1+ 62. Kg2 Rd1 63. Rb7+ Kg8 64. Kf3 Rf1+ 65. Kg2 Rc1 66. Rb2 Rc4 67. Kf3 Rf4+ 68. Kg3 Re4 69. Rf2 Kg7 70. Rf3 Re2 71. Rb3 Rc2 72. Rb7+ Kf6 73. Rb6+ Kg7 74. Rg6+ Kh7 75. Rf6 Rc1 76. Rf7+ Kg8 77. Rb7 Rg1+ 78. Kf3 Rf1+ 79. Ke4 Rf4+ 80. Ke5 Rxg4 81. Kf6 Rf4+ 82. Kg6 Kf8 83. Kxh6 g4 84. Kg6 g3 85. Rb3 Rg4+ 86. Kf5 Rg8 87. Rb1 g2 88. Rg1 Kf7 89. Kf4 Kf6 90. Kf3 Kf5 91. Rxg2 Rxg2 92. Kxg2 Kg5 1/2-1/2

[Event "Djerba Festival Blitz 2025"]
[Site "Djerba"]
[Date "2025.02.21"]
[Round "7.41"]
[White "Feurprier, Matteo"]
[Black "Mendil, Yacine"]
[Result "0-1"]
[ECO "B84"]
[WhiteElo "1537"]
[BlackElo "1699"]
[PlyCount "98"]
[EventDate "2025.02.15"]
[EventType "swiss"]
[EventCountry "TUN"]
[TimeControl "180+3"]

1. e4 c5 2. Nf3 d6 3. d4 cxd4 4. Nxd4 a6 5. Nc3 e6 6. Be2 Be7 7. Be3 Nf6 8. O-O O-O 9. Qd2 b5 10. Rad1 b4 11. Nb1 Nxe4 12. Qd3 Nc5 13. Qd2 Bb7 14. Bf3 Bxf3 15. Nxf3 a5 16. c3 bxc3 17. Nxc3 d5 18. Ne5 Nbd7 19. Nc6 Qe8 20. Nb5 Rc8 21. Nxe7+ Qxe7 22. Qxa5 Ra8 23. Qb4 Rxa2 24. Rc1 Ra4 25. Bxc5 Nxc5 26. Qxc5 Qxc5 27. Rxc5 Rb4 28. Nd6 Rxb2 29. Rfc1 g6 30. h3 Kg7 31. Rc7 h5 32. Rd7 Kf6 33. Rcc7 Rb1+ 34. Kh2 Ke5 35. Nxf7+ Kd4 36. Re7 e5 37. Rxe5 Rxf7 38. Rxd5+ Kxd5 39. Rxf7 Rb6 40. Rf3 Re6 41. Re3 Rxe3 42. fxe3 Ke4 43. Kg3 Kxe3 44. Kh4 Kf2 45. Kg5 Kxg2 46. Kxg6 h4 47. Kg5 Kxh3 48. Kf4 Kg2 49. Kg4 h3 0-1

[Event "Djerba Festival Blitz 2025"]
[Site "Djerba"]
[Date "2025.02.21"]
[Round "7.43"]
[White "Baba, Ayoub"]
[Black "Chabbouh, Mohamed Rayen"]
[Result "0-1"]
[ECO "C25"]
[WhiteElo "1469"]
[BlackElo "1518"]
[PlyCount "62"]
[EventDate "2025.02.15"]
[EventType "swiss"]
[EventCountry "TUN"]
[TimeControl "180+3"]

1. e4 e5 2. Nc3 Nc6 3. Bc4 Bb4 4. Nge2 Nf6 5. a3 Bxc3 6. Nxc3 O-O 7. d3 d6 8. Be3 Re8 9. Qd2 Be6 10. Bxe6 Rxe6 11. f4 exf4 12. Bxf4 d5 13. e5 Nh5 14. O-O-O Nxf4 15. Qxf4 Rxe5 16. Rhf1 f6 17. Rf3 Qd6 18. h4 d4 19. Ne4 Qe6 20. g4 Ne7 21. g5 Nd5 22. Qg3 f5 23. h5 fxe4 24. dxe4 Ne3 25. Rxd4 Rxe4 26. Rxe4 Qxe4 27. Rxe3 Qh1+ 28. Re1 Qxh5 29. Qb3+ Kh8 30. Kb1 Qxg5 31. Re7 Qxe7 0-1

[Event "Djerba Festival Blitz 2025"]
[Site "Djerba"]
[Date "2025.02.21"]
[Round "7.44"]
[White "Soudani, Hassan"]
[Black "Khider, Amilia"]
[Result "1-0"]
[ECO "B20"]
[WhiteElo "1598"]
[BlackElo "1524"]
[PlyCount "62"]
[EventDate "2025.02.15"]
[EventType "swiss"]
[EventCountry "TUN"]
[TimeControl "180+3"]

1. e4 c5 2. Nc3 Nc6 3. Bc4 e6 4. d3 Nge7 5. a3 d5 6. Ba2 d4 7. Nce2 g6 8. Bg5 Bg7 9. Qd2 h5 10. f4 a6 11. Nf3 b5 12. e5 Qb6 13. O-O Nf5 14. c3 Bb7 15. Bf6 Bxf6 16. exf6 Qd8 17. Ne5 Qxf6 18. cxd4 Ncxd4 19. Nxd4 Nxd4 20. Qa5 Qd8 21. Qc3 Ne2+ 22. Kh1 Nxc3 23. bxc3 O-O 24. d4 cxd4 25. Rad1 Bd5 26. Bb1 dxc3 27. Bc2 Qa5 28. Rd3 Qxa3 29. Rg3 Kh7 30. Nd7 Rfd8 31. Nf6+ Kg7 1-0

[Event "Djerba Festival Blitz 2025"]
[Site "Djerba"]
[Date "2025.02.21"]
[Round "7.47"]
[White "McDonald, Margaret"]
[Black "Fengal, Zineddine"]
[Result "0-1"]
[ECO "C00"]
[WhiteElo "1404"]
[BlackElo "1439"]
[PlyCount "62"]
[EventDate "2025.02.15"]
[EventType "swiss"]
[EventCountry "TUN"]
[TimeControl "180+3"]

1. e4 e6 2. Nf3 d5 3. e5 c5 4. b4 cxb4 5. d4 Nc6 6. Bd3 Bd7 7. O-O Qb6 8. c3 bxc3 9. Nxc3 Nxd4 10. Nxd4 Qxd4 11. Bb2 Qxe5 12. Re1 Qc7 13. Nxd5 Qd8 14. Rc1 Bd6 15. a4 Nf6 16. Nxf6+ gxf6 17. Qf3 Be7 18. Bb5 Bxb5 19. axb5 b6 20. Rcd1 Qb8 21. Bxf6 Bxf6 22. Qxf6 Rg8 23. f4 Qb7 24. Rd2 Rg6 25. Qh8+ Ke7 26. Qxh7 Rag8 27. Ree2 Qc7 28. f5 Qc5+ 29. Kh1 Qc1+ 30. Rd1 Qxd1+ 31. Re1 Qxe1# 0-1

[Event "Djerba Festival Blitz 2025"]
[Site "Djerba"]
[Date "2025.02.21"]
[Round "7.48"]
[White "Kammoun, Adam"]
[Black "Mekki, Walid"]
[Result "1-0"]
[ECO "D35"]
[WhiteElo "1571"]
[BlackElo "1578"]
[PlyCount "63"]
[EventDate "2025.02.15"]
[EventType "swiss"]
[EventCountry "TUN"]
[TimeControl "180+3"]

1. d4 d5 2. c4 e6 3. cxd5 exd5 4. Nc3 c6 5. Nf3 Nf6 6. Bg5 Be7 7. e3 O-O 8. Be2 Re8 9. Qc2 g6 10. Qb3 Nbd7 11. O-O c5 12. Bh6 Ng4 13. Bf4 Ndf6 14. h3 cxd4 15. Nxd4 Ne4 16. Nxe4 dxe4 17. hxg4 Bg5 18. Bxg5 Qxg5 19. Rac1 Be6 20. Nxe6 Rxe6 21. Qxb7 Rae8 22. Rc8 Kg7 23. Rxe8 Rxe8 24. Qxa7 Re5 25. f4 exf3 26. Rxf3 Re7 27. Qd4+ Re5 28. Rh3 Qf6 29. Rf3 Qh4 30. Qxe5+ Kh6 31. g5+ Kh5 32. Rh3# 1-0

[Event "Djerba Festival Blitz 2025"]
[Site "Djerba"]
[Date "2025.02.21"]
[Round "7.49"]
[White "Doucet, Paul-Loup"]
[Black "Chavallard, Yanis"]
[Result "0-1"]
[ECO "B06"]
[WhiteElo "1503"]
[BlackElo "1605"]
[PlyCount "76"]
[EventDate "2025.02.15"]
[EventType "swiss"]
[EventCountry "TUN"]
[TimeControl "180+3"]

1. e4 g6 2. d4 d6 3. Nf3 Bg7 4. Nc3 Nd7 5. Bf4 c6 6. Rb1 Ngf6 7. Bd3 O-O 8. O-O Nh5 9. Be3 h6 10. Qd2 Kh7 11. a3 Ndf6 12. d5 c5 13. b4 Ng4 14. bxc5 Nxe3 15. Qxe3 Bxc3 16. cxd6 Qxd6 17. e5 Qxd5 18. Bxg6+ fxg6 19. Qxc3 Bf5 20. Rbd1 Qf7 21. h3 Nf4 22. Qc7 Nxh3+ 23. gxh3 Bxh3 24. Nh2 Qf4 25. Rd3 Bxf1 26. Nxf1 Rac8 27. Qxe7+ Rf7 28. Qb4 Qxf2+ 29. Kh1 Qxf1+ 30. Kh2 Rxc2+ 31. Kg3 Qxd3+ 32. Kg4 Rc4+ 33. Qxc4 Qxc4+ 34. Kg3 Qc3+ 35. Kg2 Qxe5 36. a4 Qe2+ 37. Kg3 Rf3+ 38. Kh4 Qe4# 0-1